 Dungeon Crawl Stone Soup version 0.18.1-48-g4cf74bf (webtiles) character file.

1523 tyranidshit the Fighter (level 8, -1/86 HPs)
             Began as a Deep Dwarf Necromancer on July 20, 2016.
             Was a Believer of Makhleb.
             Slain by an orc priest
             ... wielding a +0 trident
              (2 damage)
             ... on level 6 of the Dungeon.
             The game lasted 00:15:20 (4038 turns).

tyranidshit the Fighter (Deep Dwarf Necromancer)    Turns: 4038, Time: 00:15:21

Health: -1/86      AC:  8    Str: 16    XL:     8   Next: 54%
Magic:  10/10      EV:  6    Int: 16    God:    Makhleb [**....]
Gold:   105        SH: 13    Dex: 13    Spells: 1 memorised, 9 levels left

rFire  . . .     SeeInvis .     v - +2 broad axe (flame)
rCold  + . .     Gourm    .     g - +0 ring mail
rNeg   . . .     Faith    .     l - +2 large shield
rPois  .         Spirit   .     h - +0 helmet
rElec  .         Dismiss  .     a - +1 cloak
rCorr  .         Reflect  .     (no gloves)
SustAt .         Harm     .     (no boots)
MR     +....                    x - amulet of magic regeneration
Stlth  +.........               p - +2 ring of strength
                                n - ring of protection from cold

@: very slightly contaminated, non-regenerating, hasted, very quick, somewhat
resistant to hostile enchantments, very unstealthy
A: damage resistance, recharge devices, sense surroundings 1, slow regeneration
3
a: Device Recharging, Minor Destruction, Renounce Religion


You were on level 6 of the Dungeon.
You worshipped Makhleb.
Makhleb was pleased with you.
You were not hungry.

You visited 2 branches of the dungeon, and saw 7 of its levels.

You collected 269 gold pieces.
You spent 164 gold pieces at shops.

Inventory:

Hand Weapons
 v - a +2 broad axe of flaming (weapon)
 y - the +4 mace of the Penguin {crush, MR+ MP+9 Stlth-}
   (You found it on level 5 of the Dungeon)

   It inflicts extra damage upon your enemies.
   It affects your resistance to hostile enchantments.
   It affects your magic capacity (+9).
   It makes you less stealthy.
Armour
 a - a +1 cloak (worn)
 g - a +0 ring mail (worn)
 h - a +0 helmet (worn)
 l - a +2 large shield (worn)
 m - a +0 buckler
Jewellery
 n - a ring of protection from cold (left hand)
 p - a +2 ring of strength (right hand)
 x - an amulet of magic regeneration (around neck)
Wands
 c - a wand of heal wounds (3/9)
 A - a wand of digging (9/24)
Scrolls
 f - 3 scrolls of teleportation
 j - 3 scrolls of remove curse
 o - a scroll of blinking
 q - 7 scrolls of identify
 t - 2 scrolls of magic mapping
 w - a scroll of fog
Potions
 i - a potion of cure mutation
 s - 5 potions of curing
 z - a potion of flight
Books
 b - a book of Necromancy

   Spells                             Type                      Level
   a - Pain                           Necromancy                   1
   b - Animate Skeleton               Necromancy                   1
   c - Vampiric Draining              Necromancy                   3
   d - Regeneration                   Charms/Necromancy            3
   e - Animate Dead                   Necromancy                   4
   f - Control Undead                 Necromancy                   4
 r - a book of Death

   Spells                             Type                      Level
   a - Corpse Rot                     Necromancy                   2
   b - Sublimation of Blood           Necromancy                   2
   c - Agony                          Necromancy                   5
   d - Dispel Undead                  Necromancy                   5
   e - Excruciating Wounds            Charms/Necromancy            5
   f - Bolt of Draining               Conjuration/Necromancy       5
Comestibles
 d - 2 bread rations
 k - 3 meat rations
 u - 3 fruits


   Skills:
 + Level 9.8 Fighting
 - Level 2.1 Dodging
 - Level 2.4 Stealth
 - Level 1.7 Spellcasting
 - Level 4.3 Necromancy


You had 9 spell levels left.
You knew the following spells:

 Your Spells              Type           Power        Failure   Level  Hunger
a - Pain                  Necr           ###.         99%         1    ##.....


Dungeon Overview and Level Annotations

Branches:
Dungeon (6/15)             Temple (1/1) D:4

Altars:
Ashenzari
Cheibriados
Elyvilon
Kikubaaqudgha
Makhleb
Nemelex Xobeh
Qazlal
Sif Muna
Trog
Vehumet
Zin

Shops:
D:4 [!?(=   D:5 !


Innate Abilities, Weirdness & Mutations

You are resistant to damage.
You can recharge devices by infusing magical energy.
You passively map a small area around you.
You do not regenerate naturally.


Message History

You closely miss something. You barely miss something. You hit the orc warrior.
You burn the orc warrior.
The orc warrior is lightly wounded.
The orc priest barely misses you. Something hits you but does no damage.
You block the orc warrior's attack. Something hits you but does no damage.
You hit something. You burn something. You closely miss something.
You hit the orc warrior but do no damage.
The orc warrior is lightly wounded.
The orc priest looks braver for a moment.
Something hits you. Something shocks you.
* * * LOW HITPOINT WARNING * * *
Something hits you but does no damage.
The orc warrior hits you with a dire flail!
* * * LOW HITPOINT WARNING * * *
Read which item? (? for menu, Esc to quit)
Charge which item? (? for menu, Esc to quit)
As you read the scroll of recharging, it crumbles to dust.
Your wand of heal wounds (0/9) glows for a moment and now has 3 charges.
The orc priest hits you from afar with a trident.
You die...

* ........>+ , ,
*........ * * ,
,.......#.. ,, ,
, * .....,#.#, ,
, ,,.... #.# ,,,
+ , ..# #.# , *
* #{# #.# , , ,
#@###.#
...##o{##.###+#*
* *#.oo........#
,
.....##..##....#
..... ##.##....#
, ..!. *
#..#....# .... *
##.#....# ...,
###..###.# *
#....###.#


You could see an orc warrior, an orc priest and an orc.

Vanquished Creatures
  A water moccasin (D:5)
  A sky beast (D:6)
  An ice beast (D:5)
  A phantom (D:5)
  An ogre (D:5)
  4 centaurs
  A scorpion (D:5)
  A howler monkey (D:5)
  A crimson imp (D:6)
  A centaur zombie (D:5)
  A giant frog zombie (D:5)
  A hound (D:5)
  2 giant frog skeletons (D:5)
  An iguana (D:4)
  3 worker ants
  Natasha (twice) (D:4)
  4 orc wizards
  A worker ant zombie (D:5)
  3 gnolls (D:5)
  6 adders
  An ooze (D:2)
  4 worms
  A dart slug (D:4)
  3 giant geckos
  14 orcs
  A giant cockroach (D:3)
  8 goblins
  12 hobgoblins
  4 jackals (D:1)
  2 quokkas (D:5)
  10 bats
  3 giant newts
  7 kobolds
  11 rats
118 creatures vanquished.

Notes
Turn   | Place    | Note
--------------------------------------------------------------
     0 | D:1      | tyranidshit the Deep Dwarf Necromancer began the quest for the Orb.
     0 | D:1      | Reached XP level 1. HP: 15/15 MP: 3/3
   246 | D:1      | Reached skill level 1 in Fighting
   384 | D:1      | Reached XP level 2. HP: 11/25 MP: 2/4
   843 | D:2      | Reached skill level 2 in Fighting
   985 | D:2      | Reached XP level 3. HP: 33/33 MP: 0/5
  1056 | D:2      | Found a radiant altar of Vehumet.
  1065 | D:2      | Found a sparkling altar of Nemelex Xobeh.
  1273 | D:2      | Reached skill level 3 in Fighting
  1562 | D:3      | Reached XP level 4. HP: 14/42 MP: 6/6
  1720 | D:3      | Noticed an earth elemental
  1721 | D:3      | Found a stormy altar of Qazlal.
  1725 | D:3      | Noticed an air elemental
  1727 | D:3      | Noticed a water elemental
  1727 | D:3      | Noticed a fire elemental
  2048 | D:4      | Found Izew Jud's Weapon Shop.
  2063 | D:4      | Bought a +0 broad axe of flaming for 101 gold pieces
  2097 | D:4      | Noticed Natasha
  2103 | D:4      | Killed Natasha
  2103 | D:4      | Reached skill level 4 in Fighting
  2108 | D:4      | Reached XP level 5. HP: 34/51 MP: 7/7
  2202 | D:4      | Found Fieduenn's Armour Shoppe.
  2209 | D:4      | Bought a +0 helmet for 63 gold pieces
  2233 | D:4      | Found Dawioz's Distillery.
  2254 | D:4      | Noticed Natasha
  2266 | D:4      | Killed Natasha
  2314 | D:4      | Reached skill level 5 in Fighting
  2389 | D:4      | Found Houtuah's Magic Scroll Emporium.
  2546 | D:4      | Found Cach's Jewellery Boutique.
  2573 | D:4      | Found a staircase to the Ecumenical Temple.
  2589 | Temple   | Entered the Ecumenical Temple
  2664 | Temple   | Became a worshipper of Makhleb the Destroyer
  2881 | D:5      | Entered Level 5 of the Dungeon
  2909 | D:5      | Reached XP level 6. HP: 43/61 MP: 8/8
  2918 | D:5      | Found Janehydu's Distillery.
  2997 | D:5      | Reached skill level 6 in Fighting
  3149 | D:5      | Reached XP level 7. HP: 32/70 MP: 9/9
  3205 | D:5      | Reached skill level 7 in Fighting
  3246 | D:5      | Reached * piety under Makhleb
  3469 | D:5      | Reached skill level 8 in Fighting
  3581 | D:5      | Got a scorched mace
  3582 | D:5      | Identified the +4 mace of the Penguin {crush, MR+ MP+9 Stlth-} (You found it on level 5 of the Dungeon)
  3609 | D:5      | Reached XP level 8. HP: 28/82 MP: 10/10
  3739 | D:5      | Noticed a moth of wrath
  3742 | D:5      | Found a bloodstained altar of Trog.
  3803 | D:5      | Reached skill level 9 in Fighting
  4030 | D:6      | Reached ** piety under Makhleb
  4037 | D:6      | HP: 1/86 [orc warrior/dire flail (14)]
  4038 | D:6      | Slain by an orc priest

Skill      XL: |  1  2  3  4  5  6  7  8 |
---------------+-------------------------+-----
Fighting       | 1 2 3 4 5 6 8 9 |  9.8
Dodging        | |  2.1
Stealth        | |  2.4
Spellcasting   | |  1.7
Necromancy     | |  4.3

Action                   |  1- 3 |  4- 6 |  7- 9 || total
-------------------------+-------+-------+-------++-------
Melee: Unarmed           |    20 |       |       ||    20
       Dagger            |    42 |       |       ||    42
       Long sword        |    48 |    79 |       ||   127
       Broad axe         |       |   109 |   173 ||   282
       Mace              |       |       |    37 ||    37
 Cast: Pain              |    36 |       |       ||    36
Evoke: Wand              |     2 |     4 |     7 ||    13
  Use: Scroll            |     8 |     4 |     3 ||    15
       Potion            |     5 |     2 |     1 ||     8
 Stab: Sleeping          |     1 |     1 |       ||     2
  Eat: Bread ration      |     1 |     1 |     1 ||     3
Armor: Robe              |    33 |       |       ||    33
       Ring mail         |    23 |   117 |   125 ||   265
Dodge: Dodged            |   118 |   104 |    65 ||   287
Block: Buckler           |    25 |    23 |       ||    48
       Large shield      |       |    70 |   181 ||   251
